 Dungeon Crawl Stone Soup version 0.24-a0-459-g225fefd530 (webtiles) character file.

Game seed: 12895496466787036986

136439 Peloso the Peltast (level 16, -4/146 HPs)
             Began as a Minotaur Fighter on June 28, 2019.
             Was the Champion of Okawaru.
             Slain by an antique lich (11 damage)
             ... in a wizard's laboratory.
             The game lasted 01:56:58 (31213 turns).

Peloso the Peltast (Minotaur Fighter)              Turns: 31213, Time: 01:56:59

Health: -4/146     AC: 44    Str: 32    XL:     16   Next: 66%
Magic:  15/16      EV: 15    Int:  3    God:    Okawaru [******]
Gold:   2170       SH: 20    Dex: 20    Spells: 15/15 levels left

rFire    . . .     SeeInvis .   a - +3 long sword (elec)
rCold    x . .     Gourm    +   c - +2 shield {rPois}
rNeg     . . .     Faith    .   q - +27 Lear's hauberk
rPois    +         Spirit   .   (helmet currently unavailable)
rElec    +         Reflect  .   h - +2 cloak
rCorr    +         Harm     .   (gloves currently unavailable)
MR       +++..                  (boots currently unavailable)
Stlth    ..........             d - amulet "Wafaca" {Gourm Str+6 Int-2 Dex+6}
HPRegen  0.34/turn              Q - ring of Incredulity {rCorr Dex+2 Slay+3}
MPRegen  0.15/turn              u - ring of Dawn {rElec rC- MR++ AC+1}

@: lightly drained
A: retaliatory headbutt, horns 2
a: Heroism, Finesse, Renounce Religion


You were in a wizard's laboratory.
You worshipped Okawaru.
Okawaru was exalted by your worship.
You were very full.

You visited 5 branches of the dungeon, and saw 26 of its levels.
You visited the Abyss 1 time.
You also visited: Sewer, Gauntlet, Ice Cave, Volcano and Wizlab.

You collected 3641 gold pieces.
You spent 1471 gold pieces at shops.

Inventory:

Hand Weapons
 a - a +3 long sword of electrocution (weapon)
 b - a +3 rapier of flaming
Missiles
 l - 3 atropa-tipped darts (quivered)
 w - 102 poisoned darts
 C - 6 datura-tipped darts
 L - 16 curare-tipped darts
Armour
 c - a +2 shield of poison resistance (worn)
 h - a +2 cloak (worn)
 q - the +27 Lear's hauberk (worn)
   (You found it on level 8 of the Dungeon)
 y - the +9 plate armour of Coafid {Dex+2}
   (You bought it in a shop on level 2 of the Orcish Mines)

   It affects your dexterity (+2).
 z - a cursed +0 plate armour
Jewellery
 d - the amulet "Wafaca" (around neck) {Gourm Str+6 Int-2 Dex+6}
   (You took it off a minotaur in a Gauntlet)

   [amulet of the gourmand]

   It allows you to eat raw meat even when not hungry.
   It affects your strength (+6).
   It affects your intelligence (-2).
   It affects your dexterity (+6).
 g - an uncursed ring of poison resistance
 n - an uncursed ring of flight
 r - an uncursed ring of protection from cold
 u - the ring of Dawn (right hand) {rElec rC- MR++ AC+1}
   (You bought it in a shop on level 2 of the Orcish Mines)

   [ring of protection]

   It affects your AC (+1).
   It makes you vulnerable to cold.
   It insulates you from electricity.
   It affects your resistance to hostile enchantments.
 x - a +6 amulet of reflection
 E - a +3 ring of intelligence {unknown}
 F - an uncursed ring of protection from fire
 Q - the ring of Incredulity (left hand) {rCorr Dex+2 Slay+3}
   (You found it in an ice cave)

   [ring of resist corrosion]

   It affects your dexterity (+2).
   It affects your accuracy and damage with ranged weapons and melee attacks
   (+3).
   It provides partial protection from all sources of acid and corrosion.
 R - an uncursed ring of see invisible
Wands
 B - a wand of digging (6)
Scrolls
 i - a scroll of amnesia
 k - 16 scrolls of teleportation
 m - 12 scrolls of remove curse
 o - 3 scrolls of noise
 p - 3 scrolls of magic mapping
 s - a scroll of blinking
 t - 8 scrolls of identify
 A - a scroll of fear
 G - a scroll of fog
 M - a scroll of enchant armour
Potions
 e - 3 potions of agility
 v - 9 potions of curing
 D - 2 potions of mutation
 H - a potion of brilliance
 T - 4 potions of flight
 V - 3 potions of might
Comestibles
 f - 42 rations


   Skills:
 + Level 14.2(13.8) Fighting
 + Level 2.0(10.4) Short Blades
 + Level 17.1(16.7) Long Blades
 + Level 14.4(13.9) Armour
 + Level 8.3(7.9) Dodging
 + Level 2.2(1.8) Stealth
 + Level 20.7(20.2) Shields
 + Level 2.2(1.8) Invocations
 + Level 2.0(1.7) Evocations


You had 15 spell levels left.
You didn't know any spells.
Your spell library contained the following spells:

 Spells                   Type           Power        Failure   Level  Hunger
 Animate Skeleton         Necr           N/A          88%         1    ##.....
 Apportation              Tloc           #.....       88%         1    ##.....
 Beastly Appendage        Tmut           #.....       88%         1    ##.....
 Confusing Touch          Hex            #.....       88%         1    ##.....
 Corona                   Hex            #......      88%         1    ##.....
 Infusion                 Chrm           #...         88%         1    ##.....
 Magic Dart               Conj           #...         88%         1    ##.....
 Summon Small Mammal      Summ           #...         88%         1    ##.....
 Blink                    Tloc           N/A          96%         2    ###....
 Call Imp                 Summ           #.......     96%         2    ###....
 Ensorcelled Hibernation  Hex/Ice        #.....       96%         2    ###....
 Passwall                 Tmut/Erth      #.......     96%         2    ###....
 Searing Ray              Conj           #.....       96%         2    ###....
 Shroud of Golubria       Chrm/Tloc      #.....       96%         2    ###....
 Slow                     Hex            #.......     96%         2    ###....
 Song of Slaying          Chrm           #.......     96%         2    ###....
 Sticks to Snakes         Tmut           #.......     96%         2    ###....
 Swiftness                Chrm/Air       #.......     96%         2    ###....
 Call Canine Familiar     Summ           #.......     99%         3    ####...
 Confuse                  Hex            #.......     99%         3    ####...
 Conjure Flame            Conj/Fire      #.......     99%         3    ####...
 Dazzling Spray           Conj/Hex       #.....       99%         3    ####...
 Gell's Gravitas          Tloc           #.........   99%         3    ####...
 Mephitic Cloud           Conj/Pois/Air  #.......     99%         3    ####...
 Regeneration             Chrm/Necr      #.........   99%         3    ####...
 Spectral Weapon          Hex/Chrm       #.......     99%         3    ####...
 Spider Form              Tmut/Pois      #.........   99%         3    ####...
 Summon Guardian Golem    Hex/Summ       #.......     99%         3    ####...
 Tukima's Dance           Hex            #.......     99%         3    ####...
 Force Lance              Conj/Tloc      #.......     100%        4    #####..
 Fulminant Prism          Conj/Hex       #.........   100%        4    #####..
 Ice Form                 Ice/Tmut       #.......     100%        4    #####..
 Iskenderun's Mystic Bla  Conj           #.......     100%        4    #####..
 Passage of Golubria      Tloc           N/A          100%        4    #####..
 Petrify                  Tmut/Erth      #.......     100%        4    #####..
 Summon Ice Beast         Ice/Summ       #.......     100%        4    #####..
 Summon Lightning Spire   Summ/Air       #.......     100%        4    #####..
 Blade Hands              Tmut           #.........   100%        5    ######.
 Lee's Rapid Deconstruct  Erth           #.........   100%        5    ######.
 Metabolic Englaciation   Hex/Ice        #.........   100%        5    ######.
 Yara's Violent Unravell  Hex/Tmut       #.........   100%        5    ######.
 Darkness                 Hex            #.........   100%        6    #######
 Invisibility             Hex            #.......     100%        6    #######


Dungeon Overview and Level Annotations

Branches:
Dungeon (15/15)            Temple (1/1) D:5            Lair (6/6) D:10
 Shoals (0/4) Lair:3       Spider (0/4) Lair:3        Slime (0/5) Lair:5
    Orc (2/2) D:11            Elf (2/3) Orc:2        Vaults (0/5) D:14
 Depths (0/5) D:15

Altars:
Ashenzari
Cheibriados
Dithmenos
Elyvilon
Fedhas
Gozag
Hepliaklqana
Kikubaaqudgha
Makhleb
Nemelex Xobeh
Okawaru
Qazlal
Ru
Sif Muna
Trog
Uskayaw
Vehumet
Wu Jian
Xom
Yredelemnul
Zin
The Shining One
Lugonu

Shops:
D:4 !   D:13 *   Orc:2 *[=:   Elf:2 !

Portals:
Trove: D:13 (give +3 shadow dragon scales)


Innate Abilities, Weirdness & Mutations

You reflexively headbutt those who attack you in melee.
You have a pair of horns on your head.


Message History

You hit the antique lich. Your headbutt misses the antique lich.
The antique lich is heavily damaged.
You feel like a meek peon again.
The Hell Sentinel hits you but does no damage.
You block the Hell Sentinel's attack.
The antique lich touches you but does no damage.
You hit the antique lich. You headbutt the antique lich.
The antique lich is heavily damaged.
Unknown command.
You hit the antique lich but do no damage.
You headbutt the antique lich!
The antique lich is severely damaged.
You block the Hell Sentinel's attack. x2
The antique lich touches you but does no damage.
Unknown command.
You hit the antique lich.
The antique lich is severely damaged.
You block the Hell Sentinel's attack. The Hell Sentinel closely misses you.
The antique lich touches you!
You die...

#♣...###..#####..###8...#
#....#....#...#....#.8..#
♣....#..###...###..#8..♣#
#....#..'.......+..#.).♣
#....####...8...# ##...♣#
#....#$$#.......# #....#
#♣.).#$.###.z.### #)).♣#
♣...#.:?.#..2# #....♣
♣♣...###@1##)## ###....#
#......##L2.#.?!##.....♣#
#.......#z2?#!!.#...)..♣
#.......#########.)....♣
#.......8..............♣
##♣..................♣.#
#.....8...........♣.##
##..♣.♣..♣.♣♣.....♣♣#
###♣###♣#####♣♣###


You could see a Hell Sentinel, an antique lich, a hell beast, a skeletal warrior
and a hellion.

Vanquished Creatures
  An ancient champion (WizLab)
  Roxanne (D:15)
  Louise (D:14)
  A deep elf sorcerer (Elf:1)
  An ironheart preserver (D:14)
  A very ugly thing (Abyss:3)
  3 deep elf demonologists (Elf:1)
  The ghost of LabCoat the Severer, a journeyman HOFi of Trog (Lair:6)
  The ghost of loom the Grappler, a journeyman TrMo of Makhleb (Lair:2)
  A minotaur (Gauntlet)
  A purple draconian (Abyss:3)
  Snorg (D:14)
  The ghost of Juystrogi the Covert, a journeyman HuAr of Trog (Lair:2)
  A deep elf death mage (Elf:1)
  A fire dragon (Lair:3)
  A deep elf high priest (Elf:1)
  A rakshasa (D:14)
  Fannar (Lair:2)
  3 ice dragons
  A hell beast (D:10)
  5 hydras
  A merfolk avatar (Lair:6)
  3 centaur warriors (D:13)
  2 catoblepae
  2 ogre magi (D:15)
  5 dancing weapons
  9 two-headed ogres
  2 tengu warriors
  An alligator (Lair:6)
  A hell hog (Abyss:3)
  The ghost of Eblanoamm the Grappler, a journeyman VSMo of Elyvilon (Lair:2)
  A deep elf knight (Elf:1)
  Sonja (Lair:5)
  A hell knight (Volcano)
  A sixfirhy (Abyss:3)
  The ghost of anet the Thaumaturge, a novice DEWz of Ashenzari (Lair:2)
  A salamander mystic (Volcano)
  4 skeletal warriors (WizLab)
  3 sea snakes (Lair:6)
  2 unseen horrors
  6 orc knights
  5 deep elf archers
  A necromancer (Lair:6)
  A lindwurm (Lair:5)
  A harpy (Lair:6)
  A wolf spider zombie (D:15)
  4 salamanders (Volcano)
  3 ugly things
  2 orc sorcerers
  A cyclops (D:14)
  2 manticores (D:11)
  23 deep elf magi
  4 oklob plants (Lair:1)
  2 merfolk sirens (Lair:3)
  2 ice statues (IceCv)
  An apocalypse crab (Gauntlet)
  2 rust devils (D:10)
  Maurice (Orc:1)
  A naga mage (D:15)
  8 elephants
  8 black mambas
  An orange demon (D:10)
  14 spiny frogs
  A guardian serpent (shapeshifter) (D:15)
  A molten gargoyle (Volcano)
  4 gargoyles
  6 rime drakes
  4 centaur skeletons
  16 komodo dragons
  A freezing wraith (Abyss:3)
  3 tengu conjurers (D:15)
  9 trolls
  4 polar bears
  A wolf spider simulacrum (Gauntlet)
  4 hornets
  2 jumping spiders (Lair:3)
  2 merfolk (Lair:3)
  3 blink frogs (shapeshifter)
  2 slime creatures (Lair:5)
  4 blink frogs (Lair:6)
  13 hippogriffs
  A meliai zombie (D:14)
  3 water elementals (D:15)
  A redback (Lair:3)
  A shadow (D:13)
  A centaur simulacrum (Gauntlet)
  4 vampires
  A ynoxinul (Abyss:3)
  An air elemental (Elf:1)
  5 wyverns
  A spriggan (shapeshifter) (D:15)
  A wraith (D:15)
  2 fire bats (Volcano)
  55 yaks
  3 golden eyes (Abyss:3)
  3 basilisks
  A hungry ghost (D:14)
  A neqoxec (Abyss:3)
  A chaos spawn (Abyss:3)
  2 two-headed ogre zombies (WizLab)
  2 wargs
  16 water moccasins
  4 porcupines
  A soldier ant (D:14)
  A hell hound (Abyss:3)
  35 orc warriors
  4 sky beasts
  16 ice beasts
  A black bear (D:11)
  5 phantoms
  2 eyes of draining
  20 wolves
  23 centaurs
  13 ogres
  11 crocodiles
  An earth elemental (Elf:1)
  3 gnoll sergeants
  19 bullfrogs
  6 big kobolds
  A spiny frog simulacrum (Gauntlet)
  A small abomination (Abyss:3)
  5 troll zombies (WizLab)
  15 killer bees
  A scorpion (D:5)
  6 wights (WizLab)
  A howler monkey (D:4)
  2 electric eels (D:10)
  12 crimson imps
  4 bullfrog zombies
  7 lava snakes
  A quasit (D:8)
  6 iron imps (D:10)
  11 orc priests
  7 centaur zombies
  15 hounds
  A bullfrog skeleton (D:13)
  6 jellies
  25 orc wizards
  6 iguanas
  7 worker ants
  2 yak simulacra (Lair:6)
  2 polar bear simulacra (Lair:6)
  4 ogre zombies (WizLab)
  3 wolf simulacra (Lair:6)
  2 hound zombies
  8 gnolls
  10 adders
  A howler monkey skeleton (D:7)
  6 shadow imps
  A white imp (Abyss:3)
  5 oozes (D:8)
  An adder skeleton (D:4)
  4 worms
  3 dart slugs
  12 leopard geckos
  65 orcs
  5 bats
  12 giant cockroaches
  9 goblins
  9 hobgoblins
  9 jackals
  3 quokkas
  5 ball pythons
  9 frilled lizards
  A jackal skeleton (D:8)
  24 kobolds
  A leopard gecko zombie (D:5)
  4 rats
  4 river rat simulacra (Lair:6)
  3 fungi (Lair:6)
  2 plants
  A toadstool (D:13)
886 creatures vanquished.

Vanquished Creatures (others)
  A tentacled starspawn (Abyss:3)
  3 thrashing horrors (Abyss:3)
  A deep elf archer (Elf:1)
  A guardian serpent (Abyss:3)
  A naga mage (Abyss:3)
  A ynoxinul (Abyss:3)
  An ettin skeleton (Abyss:3)
  3 nagas (Abyss:3)
  3 small abominations (Abyss:3)
  2 large abominations (Abyss:3)
  An orc wizard (D:4)
  An orc (Orc:1)
  5 fungi
  2 lurking horrors (Abyss:3)
  24 plants
  3 toadstools (D:13)
53 creatures vanquished.

Grand Total: 939 creatures vanquished

Notes
Turn   | Place    | Note
-------+----------+-------------------------------------------
     0 | D:1      | Peloso the Minotaur Fighter began the quest for the Orb.
     0 | D:1      | Reached XP level 1. HP: 19/19 MP: 0/0
   139 | D:1      | Reached XP level 2. HP: 27/27 MP: 1/1
   242 | D:1      | Reached skill level 4 in Shields
   756 | D:2      | Reached XP level 3. HP: 17/33 MP: 2/2
  1481 | D:2      | Reached XP level 4. HP: 39/40 MP: 3/3
  1919 | D:2      | Reached XP level 5. HP: 18/46 MP: 4/4
  1921 | D:2      | Reached skill level 5 in Shields
  2213 | D:3      | Found a faded altar of an unknown god.
  2673 | D:3      | Found an ornate altar of the Wu Jian Council.
  2959 | D:4      | Reached skill level 5 in Armour
  2975 | D:3      | HP: 2/47 [poisoned by a worker ant]
  3315 | D:3      | Reached skill level 1 in Dodging
  3315 | D:3      | Reached XP level 6. HP: 16/53 MP: 5/5
  3563 | D:4      | Reached skill level 5 in Long Blades
  3966 | D:4      | Found Hyshon's Distillery.
  3973 | D:4      | Bought a potion of curing for 39 gold pieces
  3973 | D:4      | Bought a potion of agility for 52 gold pieces
  3973 | D:4      | Bought a potion of brilliance for 52 gold pieces
  4133 | D:5      | Entered Level 5 of the Dungeon
  4153 | D:4      | Reached XP level 7. HP: 57/60 MP: 6/6
  4220 | D:5      | Found a shadowy altar of Dithmenos.
  4247 | D:5      | Reached skill level 5 in Fighting
  4416 | D:5      | Found a basalt altar of Yredelemnul.
  4453 | D:5      | Found a staircase to the Ecumenical Temple.
  4461 | D:5      | Reached skill level 6 in Shields
  4481 | D:5      | Reached XP level 8. HP: 55/68 MP: 7/7
  4490 | Temple   | Entered the Ecumenical Temple
  5219 | D:6      | Found a glowing drain.
  5228 | Sewer    | Entered a sewer
  5816 | D:6      | Reached skill level 7 in Shields
  6068 | D:7      | Found a sparkling altar of Nemelex Xobeh.
  6404 | D:7      | Reached XP level 9. HP: 57/75 MP: 5/8
  6423 | D:7      | Identified the +5 rapier of Moicuil {antimagic, rC- Str+2
                  | Int+3}
  6516 | D:7      | You fall into a shaft and drop 1 floor!
  6516 | D:8      | Found the +27 Lear's hauberk
  6530 | D:8      | Reached skill level 8 in Shields
  7050 | D:8      | Found a stormy altar of Qazlal.
  7109 | D:8      | Found a shimmering altar of Xom.
  7109 | D:8      | Found a sacrificial altar of Ru.
  7117 | D:8      | Found a white marble altar of Elyvilon.
  7119 | D:8      | Found a faded altar of an unknown god.
  7120 | D:8      | Found a burning altar of Makhleb.
  7198 | D:8      | Found a hazy altar of Hepliaklqana.
  7225 | D:8      | Found an iron altar of Okawaru.
  7235 | D:8      | Became a worshipper of Warmaster Okawaru
  7284 | D:8      | Reached skill level 9 in Shields
  7419 | D:7      | Found a hide-covered altar of Uskayaw.
  7539 | D:9      | You fall into a shaft and drop 1 floor!
  7539 | D:10     | Entered Level 10 of the Dungeon
  7591 | D:10     | Reached * piety under Okawaru
  7591 | D:10     | Reached XP level 10. HP: 73/86 MP: 9/9
  7615 | D:10     | Reached skill level 10 in Shields
  7677 | D:10     | Found a staircase to the Lair.
  7733 | D:10     | Reached skill level 10 in Long Blades
  7864 | D:10     | Killed an unseen horror
  7864 | D:10     | Reached ** piety under Okawaru
  8103 | D:10     | Noticed a hell beast
  8104 | D:10     | Noticed a rust devil
  8110 | D:10     | Found a corrupted altar of Lugonu.
  8110 | D:10     | Noticed an orange demon
  8110 | D:10     | Noticed a rust devil
  8142 | D:9      | Noticed a two-headed ogre
  8337 | D:9      | Reached *** piety under Okawaru
  8337 | D:9      | Reached skill level 11 in Shields
  8365 | D:9      | Killed a two-headed ogre
  8365 | D:9      | Reached skill level 10 in Armour
  8378 | D:9      | Got a crude plate armour
  8391 | D:9      | Identified the +5 plate armour "Kiakk" {-Tele +Inv rF++
                  | Regen+} (You found it on level 9 of the Dungeon)
  8546 | D:9      | Reached **** piety under Okawaru
  8546 | D:9      | Reached XP level 11. HP: 95/95 MP: 10/10
  8569 | D:9      | Noticed a two-headed ogre
  8583 | D:9      | Killed a two-headed ogre
  9178 | D:11     | Reached ***** piety under Okawaru
  9351 | D:11     | Received a gift from Okawaru
  9363 | D:11     | Reached skill level 12 in Shields
  9675 | D:11     | Found a staircase to the Orcish Mines.
  9728 | D:11     | Reached skill level 5 in Dodging
  9979 | D:12     | Found a gate leading to a gauntlet.
 10028 | D:12     | Reached skill level 1 in Stealth
 10044 | Gauntlet | Entered a Gauntlet
 10044 | Gauntlet | Found a transporter.
 10155 | Gauntlet | Found a transporter.
 10155 | Gauntlet | Found a transporter.
 10155 | Gauntlet | Noticed a catoblepas
 10157 | Gauntlet | Found a transporter.
 10178 | Gauntlet | Found a transporter.
 10191 | Gauntlet | Found a transporter.
 10199 | Gauntlet | Found a transporter.
 10202 | Gauntlet | Noticed a brown ugly thing
 10202 | Gauntlet | Noticed a white ugly thing
 10219 | Gauntlet | Found a transporter.
 10221 | Gauntlet | Noticed a glowing orange brain
 10223 | Gauntlet | Noticed a glowing orange brain
 10233 | Gauntlet | Found a transporter.
 10264 | Gauntlet | Found a transporter.
 10288 | Gauntlet | Noticed a five-headed hydra
 10292 | Gauntlet | Noticed a white ugly thing
 10294 | Gauntlet | Noticed a great orb of eyes
 10296 | Gauntlet | Found a transporter.
 10303 | Gauntlet | Found a transporter.
 10323 | Gauntlet | Noticed a wretched star
 10324 | Gauntlet | Found a transporter.
 10330 | Gauntlet | Found a transporter.
 10332 | Gauntlet | Found a transporter.
 10334 | Gauntlet | Found a large runed translucent door.
 10334 | Gauntlet | Found a large runed translucent door.
 10337 | Gauntlet | Found a large runed translucent door.
 10337 | Gauntlet | Found a large runed translucent door.
 10358 | Gauntlet | Found a transporter.
 10363 | Gauntlet | Found a transporter.
 10413 | Gauntlet | Found a transporter.
 10415 | Gauntlet | Found a runed translucent gate.
 10415 | Gauntlet | Found a runed translucent gate.
 10415 | Gauntlet | Found a runed translucent gate.
 10418 | Gauntlet | Found a large runed translucent door.
 10419 | Gauntlet | Found a large runed translucent door.
 10425 | Gauntlet | Found a large runed translucent door.
 10425 | Gauntlet | Found a large runed translucent door.
 10426 | Gauntlet | Found a large runed translucent door.
 10426 | Gauntlet | Found a large runed translucent door.
 10428 | Gauntlet | Found a large runed translucent door.
 10428 | Gauntlet | Found a large runed translucent door.
 10428 | Gauntlet | Found a runed translucent door.
 10428 | Gauntlet | Found a runed translucent door.
 10429 | Gauntlet | Found a large runed translucent door.
 10430 | Gauntlet | Found a large runed translucent door.
 10440 | Gauntlet | Found a large runed translucent door.
 10440 | Gauntlet | Found a large runed translucent door.
 10622 | Gauntlet | Killed a catoblepas
 10907 | Gauntlet | Identified the amulet "Wafaca" {Gourm Str+6 Int-2 Dex+6}
 10907 | Gauntlet | Noticed a minotaur
 10917 | Gauntlet | Killed a minotaur
 10917 | Gauntlet | Reached XP level 12. HP: 81/104 MP: 9/11
 11100 | D:12     | Reached skill level 13 in Shields
 11100 | D:12     | Reached skill level 1 in Invocations
 11138 | D:12     | Reached ****** piety under Okawaru
 11725 | D:13     | Received a gift from Okawaru
 11730 | D:13     | Noticed a centaur warrior
 11745 | D:13     | Killed a centaur warrior
 11784 | D:13     | Noticed a centaur warrior
 11808 | D:13     | Killed a centaur warrior
 11905 | D:13     | Noticed a centaur warrior
 11925 | D:13     | Killed a centaur warrior
 11944 | D:13     | Found Otrutur's Assorted Antiques.
 12008 | D:13     | Noticed a two-headed ogre
 12025 | D:13     | Killed a two-headed ogre
 12028 | D:13     | Reached skill level 10 in Fighting
 12072 | D:13     | Found a portal to a secret trove of treasure.
 12363 | Lair:1   | Entered Level 1 of the Lair of Beasts
 12538 | Lair:1   | Reached skill level 14 in Shields
 12851 | Lair:1   | Found a dark tunnel.
 12856 | Volcano  | Entered a volcano
 13167 | Volcano  | Found a bloodstained altar of Trog.
 13254 | Volcano  | Reached XP level 13. HP: 114/114 MP: 10/13
 13344 | Volcano  | Received a gift from Okawaru
 14601 | Lair:2   | Reached skill level 1 in Evocations
 14750 | Lair:2   | Reached skill level 15 in Shields
 14972 | Lair:2   | Found a runed translucent gate.
 14973 | Lair:2   | Found a runed translucent gate.
 14973 | Lair:2   | Found a runed translucent gate.
 14974 | Lair:2   | Noticed loom's ghost (journeyman TrMo)
 14974 | Lair:2   | Noticed Eblanoamm's ghost (journeyman VSMo)
 14974 | Lair:2   | Noticed anet's ghost (novice DEWz)
 14975 | Lair:2   | Noticed Juystrogi's ghost (journeyman HuAr)
 15027 | Lair:2   | Noticed Fannar
 15052 | Lair:2   | Killed Fannar
 15168 | Lair:2   | Found a glowing golden altar of the Shining One.
 15587 | Lair:3   | Found a staircase to the Shoals.
 15726 | Lair:3   | Found a hole to the Spider Nest.
 15764 | Lair:3   | Reached skill level 15 in Long Blades
 16145 | Lair:3   | Noticed a fire dragon
 16171 | Lair:3   | Killed a fire dragon
 16779 | Lair:4   | Reached skill level 16 in Shields
 16883 | Lair:4   | Reached skill level 1 in Short Blades
 16972 | Lair:4   | Received a gift from Okawaru
 16975 | Lair:4   | Got a pair of slimy gloves {god gift}
 16986 | Lair:4   | Identified the +0 pair of gloves of the Fifty Suns {rC+ rN+
                  | Slay+3} (Okawaru gifted it to you on level 4 of the Lair of
                  | Beasts)
 18063 | D:14     | Noticed Louise
 18068 | D:14     | Cast into level 3 of the Abyss (Louise)
 18177 | Abyss:3  | Noticed a purple draconian
 18194 | Abyss:3  | Killed a purple draconian
 18227 | Abyss:3  | Reached XP level 14. HP: 97/124 MP: 14/14
 18327 | Abyss:3  | Noticed a lich
 18631 | Abyss:3  | Noticed a red very ugly thing
 18631 | Abyss:3  | Noticed a red very ugly thing
 18639 | Abyss:3  | Killed a tentacled starspawn
 18647 | Abyss:3  | Noticed a starcursed mass
 18650 | Abyss:3  | Killed a brown very ugly thing
 18774 | Abyss:3  | Noticed a lich
 18934 | D:14     | Escaped the Abyss
 18967 | D:14     | Killed Louise
 19283 | D:14     | Noticed Snorg
 19294 | D:14     | Killed Snorg
 19294 | D:14     | Reached skill level 17 in Shields
 19833 | D:14     | Found a gate to the Vaults.
 19833 | D:14     | Noticed an ironheart preserver
 19849 | D:14     | Killed an ironheart preserver
 20222 | Orc:1    | Entered Level 1 of the Orcish Mines
 20393 | Orc:1    | Noticed Maurice
 20440 | Orc:1    | Killed Maurice
 20673 | Orc:2    | Entered Level 2 of the Orcish Mines
 20775 | Orc:2    | Found a frozen archway.
 20824 | Orc:2    | Received a gift from Okawaru
 20856 | IceCv    | Entered an ice cave
 21089 | IceCv    | Reached skill level 18 in Shields
 21111 | IceCv    | Received a gift from Okawaru
 21180 | IceCv    | Found the amulet of the Air {Inacc +Fly rElec EV+5 RMsl}
 21228 | IceCv    | Got a shimmering tin ring
 21269 | IceCv    | Identified the ring of Incredulity {rCorr Dex+2 Slay+3}
                  | (You found it in an ice cave)
 23343 | Lair:2   | Killed loom's ghost
 23356 | Lair:2   | Killed Eblanoamm's ghost
 23368 | Lair:2   | Killed Juystrogi's ghost
 23378 | Lair:2   | Killed anet's ghost
 23613 | Lair:5   | Received a gift from Okawaru
 23693 | Lair:5   | Got a smoking trident {god gift}
 23694 | Lair:5   | Identified the +7 trident of Eternity {drain, rPois Str+2
                  | Dex-3} (Okawaru gifted it to you on level 5 of the Lair of
                  | Beasts)
 23736 | Lair:5   | Reached XP level 15. HP: 134/134 MP: 15/15
 23805 | Lair:5   | Found a staircase to the Slime Pits.
 23850 | Lair:5   | Noticed Sonja
 23856 | Lair:5   | Killed Sonja
 24377 | Lair:6   | Entered Level 6 of the Lair of Beasts
 24513 | Lair:6   | Noticed LabCoat's ghost (journeyman HOFi)
 24552 | Lair:6   | Found a runed translucent gate.
 24552 | Lair:6   | Found a runed translucent gate.
 24561 | Lair:6   | Found a runed translucent gate.
 24700 | Lair:6   | Received a gift from Okawaru
 25127 | Lair:6   | Reached skill level 19 in Shields
 25543 | Lair:6   | Received a gift from Okawaru
 25546 | Lair:6   | Got a distressingly furry scale mail {god gift}
 25557 | Lair:6   | Identified the +1 scale mail "Oxkuy" {rC+} (Okawaru gifted
                  | it to you on level 6 of the Lair of Beasts)
 25925 | Lair:6   | Killed LabCoat's ghost
 26730 | Orc:2    | Found a staircase to the Elven Halls.
 27256 | Orc:2    | Found Faniq's Jewellery Shoppe.
 27256 | Orc:2    | Found Ceept's Armour Shop.
 27258 | Orc:2    | Found Dataneh's Assorted Antiques.
 27260 | Orc:2    | Found Kellacruah's Book Emporium.
 27266 | Orc:2    | Bought the ring of Dawn {rElec rC- MR++ AC+1} for 257 gold
                  | pieces
 27266 | Orc:2    | Bought a cursed ring of attention for 63 gold pieces
 27277 | Orc:2    | Bought a steaming plate armour for 1008 gold pieces
 27290 | Orc:2    | Identified the +9 plate armour of Coafid {Dex+2} (You
                  | bought it in a shop on level 2 of the Orcish Mines)
 27798 | D:15     | Entered Level 15 of the Dungeon
 27917 | D:15     | Found a staircase to the Depths.
 27970 | D:15     | Noticed Roxanne
 28214 | D:15     | Reached XP level 16. HP: 144/144 MP: 16/16
 28231 | D:15     | Reached skill level 20 in Shields
 28951 | D:15     | Killed Roxanne
 29330 | Elf:1    | Entered Level 1 of the Elven Halls
 29377 | Elf:1    | Received a gift from Okawaru
 30916 | Elf:2    | Found Zuokaf's Distillery.
 30966 | Elf:2    | Found a magical portal.
 30969 | WizLab   | Entered Zonguldrok's Shrine
 31139 | WizLab   | Noticed an ancient champion
 31160 | WizLab   | Killed an ancient champion
 31173 | WizLab   | Noticed an antique lich
 31177 | WizLab   | Found the +9 sword of Zonguldrok {reap}
 31197 | WizLab   | Noticed a Hell Sentinel
 31204 | WizLab   | HP: 6/146 [something/bolt of cold (28)]
 31213 | WizLab   | Slain by an antique lich

Levels and vault maps discovered:
D:1:      ncdulo_watergridlock, layout_basic
D:2:      layout_basic, first_ration
D:3:      layout_basic, lemuel_doored_altar,
          chequers_ecumenical_altar_simple_redux, grunt_ministairs_4
D:4:      layout_rooms, serial_shops, shop
D:5:      layout_rooms, yredelemnul_altar_generic, minmay_temple_entry_tees,
          nrook_loot_triangle, grunt_ministairs_3,
          nicolae_dithmenos_the_darkroom
D:6:      layout_basic, gup_sewer_entry_pipe
D:7:      minmay_octagon_keep, layout_gridville,
          nemelex_xobeh_ov_fountains_minmay, marbit_many_paths
D:8:      layout_gridville, kennysheep_little_box, overflow_temple_1_default,
          chequers_temple_overflow_minitemple, nicolae_qazlal_general_emergency,
          hangedman_little_slice_of_home
D:9:      minmay_clustersquares, layout_basic
D:10:     layout_rooms, david_lair_shrubbed, serial_bayou, serial_bayou_shore_a,
          serial_bayou_pond_c, serial_bayou_ford_a, serial_bayou_pond_a,
          hangedman_decor_slide_cut, lemuel_hellish_altar
D:11:     layout_roguey, david_orc_4
D:12:     layout_roguey, gauntlet_entry_generic
D:13:     layout_roguey, nicolae_trove_entry_crystal, serial_shops,
          nicolae_shop_crystal, drop_trap, minmay_gold_behind_fungi
D:14:     layout_roguey, skrybe_vaults_entry_preservation, minivault_25,
          uniq_snorg, uniq_louise
D:15:     grunt_enter_depths_magical_seal, layout_basic, serial_bayou_shore_b,
          uniq_roxanne
Temple:   dpeg_chambers_temple
Lair:1:   layout_big_grid, enter_volcano_4, st_stairs_12, grunt_megastairs_3,
          serial_bayou_shore_b, minmay_lair_oklob_chamber
Lair:2:   layout_long_grid, gammafunk_ghost_cemetery, serial_bayou,
          serial_bayou_pond_c, serial_bayou_pond_a, serial_bayou_lagoon_b,
          serial_bayou_pond_c, serial_bayou_pond_d, serial_bayou_lagoon_a,
          basic_altar, beast_lair_carwin_10, uniq_fannar
Lair:3:   dragon1_lemuel, layout_gridlike, elwin_shoals_entry_stream,
          spider_nest_entry_funnel_web, grunt_megastairs_5,
          infiniplex_staircase_pool_2
Lair:4:   layout_concentric_octagons
Lair:5:   layout_roguey, minmay_slime_entry_pillars, uniq_sonja
Lair:6:   gammafunk_lair_ancient_temple, layout_loops_ring,
          gammafunk_ghost_split, eino_house_with_fridge
Orc:1:    layout_diamond_mine, uniq_maurice
Orc:2:    st_orc_rangers, layout_diamond_mine,
          portal_ice_cave_entry_animals_and_master
Elf:1:    eino_elf_arrival_shootout, layout_geoelf_octagon,
          hangedman_elf_represent
Elf:2:    layout_geoelf_grid, serial_shops, nicolae_shop_window_shopping, shop,
          mu_enter_wizlab_7, guppyfry_elf_castle, uniq_donald, uniq_nikola
WizLab:   wizlab_zonguldrok

Skill      XL: |  1  2  3  4  5  6  7  8  9 10 11 12 13 14 15 16 |
---------------+-------------------------------------------------+-----
Shields        | 4 5 6 7 9 11 12 14 16 18 19 20 | 20.7
Fighting       | 4 5 6 7 8 9 10 11 12 13 14 | 14.2
Armour         | 4 5 6 7 8 9 10 11 12 13 14 | 14.4
Long Blades    | 3 4 5 6 8 9 11 13 14 15 16 17 | 17.1
Dodging        | 1 2 3 4 5 6 7 8 |  8.3
Stealth        | 1 2 |  2.2
Invocations    | 1 2 |  2.2
Evocations     | 1 2 |  2.0
Short Blades   | 1 2 |  2.0

Action                   |  1- 3 |  4- 6 |  7- 9 | 10-12 | 13-15 | 16-18 || total
-------------------------+-------+-------+-------+-------+-------+-------++-------
Melee: Long sword        |   114 |   152 |       |       |   577 |   407 ||  1250
       Headbutt          |    19 |    35 |    79 |   276 |   625 |   169 ||  1203
       Falchion          |       |    19 |   405 |   901 |  1099 |       ||  2424
       Rapier            |       |       |       |       |    18 |       ||    18
Invok: Heroism           |       |       |       |    14 |    14 |     3 ||    31
 Abil: Evoke Flight      |       |       |       |       |     5 |       ||     5
Evoke: Wand              |       |       |       |     3 |    11 |       ||    14
  Use: Scroll            |       |     1 |    13 |     6 |    10 |     3 ||    33
       Potion            |       |       |     1 |     2 |     6 |     1 ||    10
  Eat: Chunk             |     1 |     9 |     8 |    28 |    51 |     9 ||   106
       Ration            |       |       |     1 |     1 |       |       ||     2
Armor: Scale mail        |     4 |       |       |       |       |       ||     4
       Chain mail        |    67 |   163 |   219 |   367 |   539 |   106 ||  1461
       Plate armour      |       |       |       |    13 |     2 |       ||    15
Dodge: Dodged            |    16 |    52 |   126 |   198 |   512 |    99 ||  1003
Block: Shield            |    50 |   116 |   270 |   474 |  1279 |   261 ||  2450
       Rpst.: Long sword |     7 |    13 |       |       |    30 |    19 ||    69
       Falchion          |       |     3 |    32 |    47 |    56 |       ||   138

Table legend:
 A = Non-vault XP
 B = Vault XP
 C = Vault XP percentage of total XP
 D = Non-vault monster count
 E = Vault monster count
 F = Vault count percentage of total count
                 A         B        C        D         E       F
            +---------+---------+-------+---------+---------+-------
      Total |  103724 |   91190 |  46.8 |     577 |     303 |  34.4
            +---------+---------+-------+---------+---------+-------
        D:1 |      30 |       0 |   0.0 |      15 |       0 |   0.0
        D:2 |     167 |       0 |   0.0 |      36 |       0 |   0.0
        D:3 |     135 |       4 |   2.9 |      19 |       2 |   9.5
        D:4 |     365 |      50 |  12.0 |      18 |       1 |   5.3
        D:5 |     666 |      46 |   6.5 |      15 |       1 |   6.2
        D:6 |     655 |      15 |   2.2 |      16 |       6 |  27.3
        D:7 |     601 |     273 |  31.2 |      21 |       6 |  22.2
        D:8 |    1228 |     161 |  11.6 |      26 |       8 |  23.5
        D:9 |    2800 |    2078 |  42.6 |      18 |      12 |  40.0
       D:10 |    3065 |    2918 |  48.8 |      24 |      11 |  31.4
       D:11 |    6953 |     850 |  10.9 |      38 |      17 |  30.9
       D:12 |    3995 |       0 |   0.0 |      30 |       0 |   0.0
       D:13 |    7532 |       0 |   0.0 |      31 |       0 |   0.0
       D:14 |    5586 |    6913 |  55.3 |      22 |      11 |  33.3
       D:15 |   10453 |    7969 |  43.3 |      29 |      11 |  27.5
     Lair:1 |    3091 |    3266 |  51.4 |      14 |      10 |  41.7
     Lair:2 |    4404 |    6827 |  60.8 |      23 |      15 |  39.5
     Lair:3 |    3375 |    3465 |  50.7 |      13 |       9 |  40.9
     Lair:4 |    5337 |       0 |   0.0 |      15 |       0 |   0.0
     Lair:5 |    5392 |    1396 |  20.6 |      18 |       5 |  21.7
     Lair:6 |    8690 |   17330 |  66.6 |      32 |      48 |  60.0
      Orc:1 |     703 |     439 |  38.4 |      15 |       1 |   6.2
      Orc:2 |    2186 |    8474 |  79.5 |      30 |      49 |  62.0
      Elf:1 |   16021 |    9452 |  37.1 |      21 |      15 |  41.7
      Elf:2 |    1271 |       0 |   0.0 |       2 |       0 |   0.0
    Abyss:3 |    5733 |     904 |  13.6 |      14 |       1 |   6.7
      Sewer |       0 |     116 | 100.0 |       0 |      18 | 100.0
      IceCv |       0 |    5483 | 100.0 |       0 |      20 | 100.0
    Volcano |       0 |    5233 | 100.0 |       0 |      16 | 100.0
     WizLab |    3290 |    3996 |  54.8 |      22 |       3 |  12.0
   Gauntlet |       0 |    3532 | 100.0 |       0 |       7 | 100.0
            +---------+---------+-------+---------+---------+-------
